AoeStats
← PainRhino

Oasis

507994854Analyzed
2v2 RM · 13d ago on Sep 20, 2026· 59m 26s· 4 players
Game mode
Random Map
Map size
Medium (4 player)
Population
200
Speed
Normal
Resources
Standard
Victory
Conquest
Starting age
Dark Age
Ending age
Imperial Age
RankedLock teamsTeams togetherTeam positionsShared explorationLock speedFull tech treeHidden civsTurbo modeCheats
Victory
Defeat
🇩🇪 Huns · Germany
1384
+14
1373
+15
🇪🇸 Celts · Spain
1346
-15
🇪🇸 Romans · Spain
1345
-14
ortix
7:14 Loom
10:10 Feudal Age
14:39 Castle Age
12:58 Double-Bit Axe
17:39 Town Watch
25:38 Wheelbarrow
27:34 Bow Saw
27:06 Horse Collar
29:05 Gold Mining
29:05 Stone Mining
31:25 Heavy Plow
33:47 Gold Shaft Mining
34:04 Fervor
34:05 Redemption
38:36 Imperial Age
37:22 Hand Cart
38:18 Scale Mail Armor
38:29 Forging
38:55 Squires
38:15 Pikeman
39:41 Conscription
40:00 Chain Mail Armor
40:39 Crop Rotation
41:34 Iron Casting
40:50 Halberdier
44:29 Blast Furnace
43:20 Fletching
46:19 Bodkin Arrow
47:00 Man-at-Arms
48:53 Scale Barding Armor
54:00 Chain Barding Armor
58:30 Plate Barding Armor
matagilis
11:14 Feudal Age
9:55 Loom
9:57 Loom
15:40 Castle Age
13:40 Double-Bit Axe
17:05 Gold Mining
19:51 Ballistics
19:39 Pikeman
27:38 Masonry
31:27 Stone Mining
31:19 Horse Collar
31:50 Bow Saw
32:31 Wheelbarrow
34:08 Scale Mail Armor
37:10 Arson
40:01 Fletching
40:12 Padded Archer Armor
40:23 Treadmill Crane
40:50 Elite Skirmisher
48:46 Imperial Age
49:20 Town Watch
50:21 Bodkin Arrow
50:42 Leather Archer Armor
51:29 Chemistry
51:11 Heavy Scorpion
51:57 Guard Tower
56:58 Ring Archer Armor
56:37 Scale Barding Armor
56:43 Forging
56:34 Husbandry
55:55 Light Cavalry
PainRhino
7:16 Loom
9:35 Feudal Age
11:46 Wheelbarrow
11:41 Horse Collar
12:53 Double-Bit Axe
20:05 Castle Age
19:27 Forging
20:21 Bloodlines
20:21 Light Cavalry
22:53 Scale Barding Armor
24:23 Husbandry
29:09 Bow Saw
31:06 Gold Mining
31:40 Heavy Plow
32:17 Hand Cart
33:26 Gold Shaft Mining
34:44 Ballistics
34:50 Fletching
35:23 Padded Archer Armor
36:45 Bodkin Arrow
37:24 Thumb Ring
37:37 Leather Archer Armor
44:12 Imperial Age
44:58 Bracer
44:20 Heavy Cavalry Archer
45:32 Parthian Tactics
46:11 Chemistry
48:07 Hussar
49:25 Iron Casting
52:30 Chain Barding Armor
53:12 Blast Furnace
54:31 Plate Barding Armor
54:37 Conscription
55:01 Elite Tarkan
56:41 Stone Mining
Fappi / / / Mode: WHEEEELER
11:52 Feudal Age
15:36 Castle Age
15:05 Loom
15:11 Horse Collar
15:19 Double-Bit Axe
15:29 Stone Mining
16:03 Town Watch
32:42 Bow Saw
38:21 Svan Towers
38:49 Gold Mining
40:46 Wheelbarrow
44:08 Imperial Age
43:11 Fletching
44:04 Masonry
44:12 Bloodlines
44:03 Husbandry
44:09 Scale Barding Armor
44:17 Forging
45:16 Chain Barding Armor
45:05 Cavalier
47:18 Hand Cart
48:51 Chemistry
49:35 Ballistics
49:46 Architecture
49:43 Conscription
50:51 Stone Shaft Mining
51:16 Plate Barding Armor
50:16 Elite Monaspa
51:30 Forging
51:19 Treadmill Crane
52:06 Light Cavalry
53:05 Aznauri Cavalry
53:23 Caravan
53:34 Guilds
52:50 Hussar
54:48 Siege Engineers
54:39 Murder Holes
54:35 Guard Tower
54:31 Arrowslits
54:27 Onager
56:15 Fortified Wall
57:00 Iron Casting
59:12 Bodkin Arrow
60:18 Blast Furnace
60:25 Keep
Connection lost

Rejoining the realm…

Still unreachable

The connection could not be restored.

Session expired

The server has moved on; the page needs a fresh start.